Map: Eternal Empire LE

Players

quark

  • Race: Zerg Zerg
  • League: Silver
  • Spawn Location: 1:00

antagomiR - Winner!

  • Race: Protoss Protoss
  • League: Silver
  • Spawn Location: 7:00

VOD

Have the link to the VOD?

Description

Time

  • Played on: March 31, 2020, 1:06 a.m.
  • Length: 18:23
Show
View Real Time Build Order
Export as new Build Order

quark Zerg 

Build Orders: Pool First, Lurkers 

Get SALT Encoding   

  12  0:01  Drone  
  13  0:08  Drone  
  13  0:13  Extractor  
  13  0:16  Drone  
  15  0:23  Overlord  
  15  0:29  Overlord  
  15  0:38  Overlord  
  15  0:45  Overlord  
  15  0:56  Drone  
  16  1:03  Spawning Pool  
  15  1:08  Drone  
  16  1:17  Drone  
  17  1:33  Hatchery  
  17  1:35  Drone  
  17  1:39  Drone  
  18  1:50  Extractor  
  18  1:51  Queen  
  19  1:54  Extractor  
  19  1:56  Zergling x2  
  19  2:02  Drone  
  20  2:23  Drone x2  
  20  2:26  Queen  
  24  2:33  Drone  
  25  2:43  Drone  
  26  2:46  Drone  
  27  2:54  Drone  
  28  2:59  Drone x3  
  28  3:04  Drone  
  31  3:13  Drone  
  31  3:16  Drone  
  31  3:19  Drone  
  34  3:26  Lair  
  34  3:27  Metabolic Boost  
  34  3:30  Drone x2  
  34  3:34  Drone x3  
  38  3:38  Extractor  
  38  3:41  Extractor  
  37  3:42  Drone x2  
  37  3:43  Drone x2  
  41  3:48  Drone  
  41  3:54  Drone x2  
  44  4:07  Drone x2  
  44  4:08  Drone  
  47  4:10  Drone  
  47  4:16  Drone x3  
  51  4:19  Overlord x2  
  51  4:25  Overseer x2  
  51  4:26  Overseer x3  
  51  4:31  Overlord x2  
  51  4:34  Overlord  
  51  4:35  Overlord  
  51  4:39  Overlord x3  
  51  4:50  Zergling x8  
  55  4:57  Roach Warren  
  55  4:58  Baneling Nest  
  53  5:00  Drone  
  53  5:01  Drone, Evolution Chamber  
  53  5:03  Drone  
  55  5:13  Zergling x2  
  56  5:17  Drone x2  
  56  5:18  Drone x2  
  60  5:22  Infestation Pit  
  60  5:24  Hydralisk Den  
  60  5:26  Spire  
  60  5:27  Zerg Ground Armor Level 1  
  57  5:31  Zergling x2  
  57  5:34  Zergling x4  
  57  5:35  Zergling x2  
  61  5:37  Tunneling Claws  
  61  5:45  Spore Crawler  
  60  5:52  Spore Crawler  
  59  5:58  Zergling x8  
  59  6:00  Zergling x2  
  64  6:06  Hatchery, Burrow, Extractor  
  62  6:17  Overlord  
  64  6:18  Roach  
  64  6:28  Roach x4  
  64  6:30  Roach x2  
  64  6:31  Roach x2  
  64  6:32  Hydralisk  
  82  6:40  Hive  
  82  6:49  Mutalisk  
  84  6:56  Roach  
  84  7:01  Hydralisk x3  
  86  7:06  Zerg Flyer Weapons Level 1  
  92  7:09  Muscular Augments  
  92  7:10  Glial Reconstitution  
  92  7:17  Queen  
  92  7:19  Overseer  
  94  7:38  Hydralisk x5  
  105  7:44  Zergling x4  
  106  8:05  Baneling x2  
  106  8:16  Drone x3  
  109  8:20  Adrenal Glands  
  109  8:21  Grooved Spines  
  109  9:01  Zerg Flyer Armor Level 1  
  102  9:38  Zerg Ground Armor Level 2  
  102  9:43  Nydus Network  
  101  9:48  Lurker Den  
  101  9:52  Ultralisk Cavern  
  99  9:53  Corruptor x2  
  99  9:54  Corruptor  
  105  10:05  Lair  
  105  10:08  Drone x2  
  105  10:09  Drone  
  108  10:19  Centrifical Hooks  
  108  10:38  Swarm Host x3  
  117  10:47  Adaptive Talons  
  117  10:53  Zergling x2  
  117  10:54  Zergling x16  
  117  10:57  Baneling x4  
  126  10:58  Baneling  
  126  11:02  Overlord x2  
  126  11:03  Overlord x4  
  126  11:14  Spore Crawler  
  126  11:18  Hatchery  
  124  11:22  Extractor  
  123  11:29  Nydus Canal  
  123  11:37  Lurker x3  
  126  12:33  Baneling x8  
  126  12:34  Baneling x6  
  126  12:42  Lurker x4  
  130  12:59  Nydus Canal  
  130  13:16  Zerg Ground Armor Level 3  
  130  13:20  Drone x2  
  130  13:24  Drone x4  
  136  13:45  Zergling x2  
  136  13:46  Zergling x20  
  147  13:51  Zergling x16  
  155  13:58  Zergling x2  
  155  13:59  Zergling x6  
  159  14:05  Zergling x10  
  159  14:06  Zergling x14  
  171  14:41  Zergling x2  
  171  14:42  Zergling x8  
  166  14:56  Zergling x2  
  166  14:57  Zergling x8  
  166  14:58  Zergling x2  
  133  15:02  Zerg Flyer Armor Level 2  
  110  15:10  Zergling x6  
  110  15:12  Zergling x6  
  114  15:14  Zergling x2  
  113  15:23  Baneling x14  
  113  15:43  Pneumatized Carapace  
  113  15:46  Drone x4  
  115  15:54  Zerg Missile Weapons Level 1  
  111  16:00  Swarm Host  
  111  16:01  Swarm Host x5  
  120  16:14  Roach x3  
  126  16:31  Baneling x6  
  125  16:48  Baneling x6  
  125  17:03  Hatchery, Extractor  
  125  17:05  Extractor  
  125  17:07  Extractor  
  109  17:10  Extractor  
  109  17:11  Zergling x6  
  102  17:29  Zergling x6  
  104  17:33  Zergling x4  
  98  17:40  Nydus Canal  
  85  17:51  Zergling x10  
  74  17:52  Zergling x6  
Show
View Real Time Build Order
Export as new Build Order

antagomiR Protoss - Winner!

Build Orders:  

Get SALT Encoding   

  12  0:01  Probe  
  13  0:13  Probe  
  14  0:25  Probe  
  15  0:31  Pylon  
  15  0:49  Probe  
  16  1:00  Gateway  
  16  1:01  Probe  
  17  1:04  Assimilator  
  17  1:08  Assimilator  
  17  1:13  Probe  
  18  1:25  Probe  
  19  1:37  Probe  
  20  1:49  Probe  
  21  1:58  Cybernetics Core  
  21  2:10  Nexus  
  21  2:12  Probe  
  22  2:24  Probe  
  22  2:26  Pylon  
  23  2:36  Probe  
  23  2:45  Zealot (Chrono Boost)  
  23  2:48  Probe  
  26  3:06  Probe  
  26  3:12  Sentry (Chrono Boost)  
  27  3:15  Warp Gate (Chrono Boost)  
  27  3:18  Pylon  
  29  3:25  Probe  
  30  3:30  Probe  
  31  3:36  Stalker  
  31  3:37  Probe  
  34  3:42  Probe, Assimilator  
  34  3:46  Assimilator  
  35  3:49  Probe, Shield Battery  
  35  3:53  Pylon  
  36  3:57  Pylon  
  36  4:05  Probe  
  36  4:06  Probe  
  38  4:17  Robotics Facility  
  38  4:18  Probe x2  
  38  4:20  Forge  
  40  4:29  Sentry  
  40  4:30  Probe  
  43  4:32  Probe  
  44  4:40  Pylon  
  44  4:42  Probe  
  44  4:45  Probe  
  46  4:52  Gateway x2  
  46  4:54  Probe  
  46  4:55  Protoss Ground Weapons Level 1 (Chrono Boost), Gateway  
  46  4:57  Probe  
  48  5:04  Observer  
  48  5:06  Probe  
  50  5:09  Probe  
  50  5:11  Stalker  
  53  5:18  Probe  
  53  5:21  Probe  
  55  5:33  Probe x2  
  55  5:35  Zealot  
  59  5:41  Immortal  
  63  5:45  Probe  
  64  5:56  Probe  
  65  5:57  Probe  
  66  6:19  Sentry  
  66  6:22  Zealot x3  
  72  6:32  Twilight Council  
  72  6:34  Probe x2  
  74  6:43  Photon Cannon  
  74  6:46  Probe  
  75  6:51  Pylon  
  75  6:53  Pylon  
  76  6:54  Probe  
  76  6:57  Photon Cannon, Stalker  
  78  7:09  Probe  
  79  7:16  Twilight Council  
  79  7:21  Immortal  
  83  7:28  Protoss Ground Weapons Level 2 (Chrono Boost)  
  83  7:37  Probe x2  
  83  7:44  Nexus  
  84  7:47  Pylon  
  84  7:49  Pylon  
  84  7:57  Zealot x4  
  92  8:05  Immortal  
  96  8:11  Pylon  
  96  8:13  Charge  
  96  8:14  Pylon  
  96  8:21  Templar Archives  
  96  8:31  Shield Battery  
  96  8:32  Photon Cannon  
  96  8:35  Photon Cannon  
  96  8:37  Photon Cannon  
  96  8:40  Zealot x3  
  96  8:41  Assimilator, Zealot  
  104  8:44  Observer  
  104  8:46  Assimilator  
  105  8:53  Probe  
  105  8:54  Probe  
  107  8:59  Probe  
  108  9:05  Probe, Immortal  
  108  9:06  Probe  
  114  9:11  Probe  
  115  9:18  Probe  
  115  9:21  Probe  
  115  9:23  Probe  
  118  9:29  High Templar x2  
  118  9:30  Probe, High Templar x2  
  127  9:33  Probe  
  127  9:35  Probe  
  129  9:38  Gateway x2  
  129  9:42  Protoss Ground Armor Level 1 (Chrono Boost)  
  129  9:45  Gateway, Immortal  
  133  9:46  Gateway  
  133  9:53  Blink  
  133  10:04  High Templar x3  
  133  10:05  High Templar  
  141  10:07  Archon  
  141  10:08  Archon x2  
  141  10:16  Pylon  
  141  10:18  Pylon  
  141  10:20  Pylon  
  141  10:22  Pylon  
  141  10:34  Archon, Immortal  
  145  11:09  High Templar x4  
  153  11:12  Probe  
  153  11:13  Probe x2  
  153  11:14  Observer  
  157  11:25  Probe  
  158  11:26  Protoss Ground Weapons Level 3  
  158  11:29  Probe x2  
  160  11:35  Immortal  
  160  11:37  Probe  
  165  11:41  Probe, Archon x2  
  166  11:59  Probe  
  166  12:00  Probe x2  
  169  12:04  Nexus  
  169  12:07  Pylon  
  169  12:09  Pylon  
  169  12:10  High Templar x2  
  173  12:19  Pylon  
  173  12:22  Pylon  
  173  12:25  Probe x2, Immortal  
  173  12:28  Psionic Storm  
  173  12:29  Photon Cannon  
  179  12:31  Shield Battery  
  179  12:37  Photon Cannon  
  179  12:56  High Templar x2  
  179  12:57  High Templar x2  
  187  13:03  Archon  
  187  13:04  Archon, Observer  
  187  13:05  Archon  
  188  13:28  Probe x2  
  188  13:29  Probe  
  191  13:40  Probe, Photon Cannon  
  191  13:41  Probe x2  
  194  13:43  Photon Cannon  
  194  13:45  Shield Battery  
  194  13:47  Shield Battery  
  194  13:51  Zealot x2  
  194  13:52  Zealot  
  135  15:17  Zealot  
  113  15:22  High Templar x5  
  113  15:23  High Templar x2  
  113  15:26  Archon x2  
  113  15:27  Archon  
  127  15:38  Probe x3  
  130  15:44  Assimilator  
  130  15:49  Assimilator  
  130  15:50  Probe x3  
  133  16:02  Probe x2  
  119  16:11  Pylon  
  119  16:15  Photon Cannon  
  119  16:18  Shield Battery  
  119  16:19  High Templar x2  
  119  16:20  High Templar x4  
  119  16:21  High Templar x2  
  119  16:23  Archon  
  119  16:24  Archon x2  
  135  16:53  Zealot  
  135  16:54  Zealot x5  
  141  17:29  Dark Shrine  
  139  17:47  Archon, Nexus  
  139  17:50  Pylon  
  133  17:52  Pylon  
Tags
 
Composition
Lurkers
Matchup
PvZ
Opening
Pool First
Replay Pack
20200422
Spawn Locations
Cross Positions
Add a new tag
Caveats
  • Supply blocks, unpowered buildings, or Contaminate may cause inaccurate times.
  • Supply counts are checked every 10 seconds.